 Dungeon Crawl Stone Soup version 0.30.1-6-gbe392663c4 (webtiles) character file.

Game seed: 13981843417303733830

343 HandFromCoffin the Chopper (level 6, -2/79 HPs)
             Began as a Hill Orc Fighter on Sept 21, 2023.
             Slain by Pikel
             ... wielding a +2 whip of flaming
              (6 damage)
             ... on level 5 of the Dungeon.
             The game lasted 00:26:05 (2368 turns).

HandFromCoffin the Chopper (Hill Orc Fighter)       Turns: 2368, Time: 00:26:07

Health: -2/79      AC: 23    Str: 19    XL:     6   Next: 57%
Magic:  6/6        EV:  2    Int:  8    God:
Gold:   133        SH:  0    Dex: 12    Spells: 2/5 levels left

rFire   . . .        y - +3 hand axe
rCold   . . .        c - +0 buckler
rNeg    . . .        r - melded +0 chain mail
rPois   +            h - melded +1 helmet
rElec   .            e - melded +0 cloak
rCorr   .            (gloves currently unavailable)
SInv    .            (boots currently unavailable)
Will    .....        (no amulet)
Stlth   +            (no ring)
HPRegen 0.33/turn    (no ring)
MPRegen 0.10/turn

%: no passive effects
@: confused, mighty, tree-form, ambrosia-drunk, hasted, very quick
A: stationary, stasis, torment immunity, boosted hp
a: no special abilities


You were on level 5 of the Dungeon.
You were a tree.
You visited 1 branch of the dungeon, and saw 5 of its levels.

You collected 133 gold pieces.

Inventory:

Hand Weapons
 a - a +0 war axe
 g - a +0 sling
 w - a +1 dagger of pain
 y - a +3 hand axe (weapon)
Missiles
 l - 3 throwing nets (quivered)
Armour
 c - a +0 buckler (worn)
 e - a +0 cloak (melded)
 h - a +1 helmet (melded)
 r - a +0 chain mail (melded)
Wands
 p - a wand of flame (13)
Scrolls
 f - 7 scrolls of identify {unknown}
 j - a scroll of vulnerability {unknown}
 o - 2 scrolls of noise {unknown}
 q - 3 scrolls of enchant weapon {unknown}
 t - a scroll of teleportation {unknown}
 u - a scroll of poison {unknown}
 x - a scroll of fog {unknown}
 z - a scroll of summoning {unknown}
Potions
 i - a potion of attraction {unknown}
 m - a potion of lignification
 s - a potion of curing {unknown}
 v - 2 potions of heal wounds {unknown}


   Skills:
 + Level 4.4 Fighting
 + Level 6.2 Axes
 + Level 4.3 Armour
 + Level 0.8 Dodging
 + Level 1.2 Stealth
 + Level 4.4 Shields


You had 2 spell levels left.
You knew the following spells:

 Your Spells              Type           Power      Damage    Failure   Level
a - Static Discharge      Conj/Air       0%         2-2/arc   63%         2
b - Magic Dart            Conj           0%         1d3       47%         1

Your spell library contained the following spells:

 Spells                   Type           Power      Damage    Failure   Level
 Beastly Appendage        Tmut           0%         N/A       47%         1
 Searing Ray              Conj           0%         2d4       63%         2
 Wereblood                Tmut           0%         N/A       63%         2
 Spider Form              Tmut/Pois      0%         N/A       85%         3
 Airstrike                Air            0%         2d(0-16)  99%         4
 Fulminant Prism          Conj/Hex       0%         3d5       99%         4
 Summon Lightning Spire   Summ/Air       0%         N/A       99%         4


Dungeon Overview and Level Annotations

Branches:
Dungeon (4/15)             Temple (0/1) D:4

Altars:
Xom

Annotations:
D:5 Pikel


Message History

You block the lemure's attack. Pikel hits you but does no damage.
You barely miss Pikel.
Pikel is lightly wounded.
You slash the lemure! The lemure hits you but does no damage.
Pikel closely misses you.
You slash Pikel!
Pikel is heavily wounded.
You hit the lemure. You slash Pikel!
Pikel is severely wounded.
You barely miss the lemure. The lemure hits you but does no damage.
Pikel hits you with a +2 whip of flaming.
* * * LOW HITPOINT WARNING * * *
Pikel burns you.
* * * LOW HITPOINT WARNING * * *
You slash Pikel!
Pikel is almost dead.
You closely miss the lemure. The lemure closely misses you.
Pikel hits you with a +2 whip of flaming!
* * * LOW HITPOINT WARNING * * *
Pikel burns you.
* * * LOW HITPOINT WARNING * * *
It was a potion of flight.
You feel very buoyant.
You fly up into the air.
It was a potion of lignification.
You turn into a tree.
Your +0 cloak melds into your body.
Your +1 helmet melds into your body.
Your +0 chain mail melds into your body.
Your roots penetrate the ground.
You block the lemure's attack.
Pikel says, "You'll rust in Dis!"
You block Pikel's attack.
An orc comes into view. It is wielding a +0 hand axe.
It was a potion of ambrosia.
You are confused.
You feel invigorated.
The orc shouts!
You hear a shout!
An orc comes into view. It is wielding a +0 dagger.
The lemure hits you but does no damage.
Pikel hits you with a +2 whip of flaming.
You die...

#.# #.# . #.. ..
#.# .# #### #.## .#
#.♣###..##.##..
#5K............
#....o#......#.
#....#.##.....#
#.....#.####.......
.|... ..# .........
##... .o$
......##... ##.
..o..##..#... ## ##
..... ...#..#.


You could see Pikel, a lemure and 3 orcs.

Vanquished Creatures
  3 lemures (D:5)
  An orc priest (D:4)
  Ijyb (D:3)
  An iguana (D:4)
  4 orc wizards
  4 gnolls (D:2)
  6 adders
  A worm (D:2)
  2 dart slugs
  8 orcs
  An endoplasm (D:2)
  5 giant cockroaches
  6 goblins
  6 hobgoblins
  4 jackals
  2 kobolds (D:2)
  2 quokkas (D:2)
  8 ball pythons
  4 bats
  7 frilled lizards
  3 rats
79 creatures vanquished.

Notes
Turn   | Place    | Note
-------+----------+-------------------------------------------
     0 | D:1      | HandFromCoffin the Hill Orc Fighter began the quest for the
                  | Orb.
     0 | D:1      | Reached XP level 1. HP: 19/19 MP: 1/1
    84 | D:1      | Reached XP level 2. HP: 20/27 MP: 2/2
   612 | D:1      | Reached skill level 3 in Axes
   724 | D:2      | Found a faded altar of an unknown god.
   735 | D:2      | Reached XP level 3. HP: 33/33 MP: 3/3
  1129 | D:2      | Reached XP level 4. HP: 33/40 MP: 4/4
  1140 | D:2      | Reached skill level 4 in Axes
  1355 | D:3      | Noticed Ijyb
  1375 | D:3      | Reached XP level 5. HP: 45/46 MP: 5/5
  1381 | D:3      | Killed Ijyb
  1655 | D:3      | Reached skill level 5 in Axes
  1733 | D:3      | Learned a level 2 spell: Static Discharge
  1894 | D:3      | Learned a level 1 spell: Magic Dart
  2011 | D:4      | Reached skill level 1 in Stealth
  2011 | D:4      | Reached XP level 6. HP: 22/52 MP: 6/6
  2151 | D:4      | Reached skill level 6 in Axes
  2181 | D:4      | Found a shimmering altar of Xom.
  2266 | D:4      | Found a staircase to the Ecumenical Temple.
  2329 | D:4      | You fall into a shaft and drop 1 floor!
  2329 | D:5      | Entered Level 5 of the Dungeon
  2336 | D:5      | Noticed Pikel
  2365 | D:5      | HP: 1/53 [Pikel/+2 whip of flaming (2)]
  2368 | D:5      | Slain by Pikel

Illustrated notes

Levels and vault maps discovered:
D:1:      dpeg_arrival_brainrot, layout_basic, minmay_hexomino_c4
D:2:      layout_loops_ring, hellmonk_ecumenical_altar_arch_garden
D:3:      layout_basic, uniq_ijyb
D:4:      layout_loops_ring, lemuel_crystal_altar, temple_pool_b,
          chequers_serial_rivers_micro_a, st_stairs_3
D:5:      layout_cave_pools, mainiacjoe_overflow_concentric_impassable,
          serial_shops, shop, hangedman_decor_peaks_small,
          dreamdust_mushroom_princess, minmay_manual_mares,
          uniq_crazy_yiuf_cottage, uniq_menkaure, uniq_pikel

Skill      XL: |  1  2  3  4  5  6 |
---------------+-------------------+-----
Axes           | 3 4 5 6 |  6.2
Shields        | 4 |  4.4
Fighting       | 4 |  4.4
Armour         | 4 |  4.3
Stealth        | 1 |  1.2
Dodging        | |  0.8

Action                     |  1- 3 |  4- 6 || total
---------------------------+-------+-------++-------
  Melee: War axe           |   143 |   123 ||   266
         Hand axe          |       |    48 ||    48
    Use: Potion            |       |     5 ||     5
 Armour: Scale mail        |    85 |    35 ||   120
         Chain mail        |       |    87 ||    87
         Skin              |       |     1 ||     1
  Dodge: Dodged            |    92 |    59 ||   151
  Block: Buckler           |    46 |    49 ||    95
